Workbook
Name jk: #REF!
Name jk: #REF!
Name jk: #REF!
Name years_contract: [1]Kerlink!$D$5

Sheet IRR (3)
B1: Assumption: | R1: AEON DELTAMAS
B2: General
C3: Tax Rate | G3: 0.02
C4: Interest Rate | G4: 0.1
C5: SG&A | G5: 0 | H5: from Revenues
C6: BHPUSO | G6: 0 | H6: from Revenues
C7: Deposito Rate | G7: 0.03
H9: Y1 | I9: Y2 | J9: Y3 | K9: Y4 | L9: Y5 | M9: Y6 | N9: Y7 | O9: Y8 | P9: Y9 | Q9: Y10
B10: CAPEX
B12: Total CAPEX | H12: 2100000000 | I12: 250000000 | J12: 0 | K12: 0
B15: IRR Calculation | H15: Year 1 | I15: Year 2 | J15: Year 3 | K15: Year 4 | L15: Year 5 | M15: Year 6 | N15: Year 7 | O15: Year 8 | P15: Year 9 | Q15: Year 10 | R15: Total
B16: Months of Service | H16: 12 | I16: 12 | J16: 12 | K16: 12 | L16: 12 | M16: 12 | N16: 12 | O16: 12 | P16: 12 | Q16: 12
N17: 0.15
B19: Revenues
C20: Telkomsel | I20: 500000000 | J20: 500000000 | K20: 500000000 | L20: 500000000 | M20: 500000000 | N20: =M20*(1-$N$17) -> 425000000 | O20: =N20 -> 425000000 | P20: =O20 -> 425000000 | Q20: =P20 -> 425000000 | R20: =SUM(H20:Q20) -> 4200000000
C21: XL | I21: 250000000 | J21: 250000000 | K21: 250000000 | L21: 250000000 | M21: 250000000 | N21: =M21*(1-$N$17) -> 212500000 | O21: =N21 -> 212500000 | P21: =O21 -> 212500000 | Q21: =P21 -> 212500000 | R21: =SUM(H21:Q21) -> 2100000000
C22: IOH | I22: 500000000 | J22: 500000000 | K22: 500000000 | L22: 500000000 | M22: 500000000 | N22: =M22*(1-$N$17) -> 425000000 | O22: =N22 -> 425000000 | P22: =O22 -> 425000000 | Q22: =P22 -> 425000000 | R22: =SUM(H22:Q22) -> 4200000000
C23: Smartfren | R23: =SUM(H23:Q23) -> 0
B24: Total Revenues | E24: =SUM(H24:Q24) -> 10500000000 | H24: =SUM(H20:H23) -> 0 | I24: =SUM(I20:I23) -> 1250000000 | J24: =SUM(J20:J23) -> 1250000000 | K24: =SUM(K20:K23) -> 1250000000 | L24: =SUM(L20:L23) -> 1250000000 | M24: =SUM(M20:M23) -> 1250000000 | N24: =SUM(N20:N23) -> 1062500000 | O24: =SUM(O20:O23) -> 1062500000 | ... R24: =SUM(R20:R23) -> 10500000000
B26: OPEX
C27: Lease to BM | I27: 400000000 | J27: 400000000 | K27: 400000000 | L27: 400000000 | M27: =400000000*(1-N17) -> 340000000 | N27: =M27 -> 340000000 | O27: =N27 -> 340000000 | P27: =O27 -> 340000000 | Q27: 0 | R27: =SUM(H27:Q27) -> 2960000000
C28: Electricity | I28: =96000000*0.5 -> 48000000 | J28: =96000000*0.5 -> 48000000 | K28: =200000000*0.5 -> 100000000 | L28: =200000000*0.5 -> 100000000 | M28: =200000000*0.5 -> 100000000 | N28: =200000000*0.5 -> 100000000 | O28: =200000000*0.5 -> 100000000 | P28: =200000000*0.5 -> 100000000 | Q28: =200000000*0.5 -> 100000000 | R28: =SUM(H28:Q28) -> 796000000
C29: Maintenance | I29: 21000000 | J29: 21000000 | K29: 21000000 | L29: 21000000 | M29: 21000000 | N29: 21000000 | O29: 21000000 | P29: 21000000 | Q29: 21000000 | R29: =SUM(H29:Q29) -> 189000000
C30: SG&A | H30: =$G$5*H24 -> 0 | I30: =$G$5*I24 -> 0 | J30: =$G$5*J24 -> 0 | K30: =$G$5*K24 -> 0 | L30: =$G$5*L24 -> 0 | M30: =$G$5*M24 -> 0 | N30: =$G$5*N24 -> 0 | O30: =$G$5*O24 -> 0 | ... Q30: =$G$5*Q24 -> 0 | R30: =SUM(H30:Q30) -> 0
B31: Total OPEX | H31: =SUM(H27:H30) -> 0 | I31: =SUM(I27:I30) -> 469000000 | J31: =SUM(J27:J30) -> 469000000 | K31: =SUM(K27:K30) -> 521000000 | L31: =SUM(L27:L30) -> 521000000 | M31: =SUM(M27:M30) -> 461000000 | N31: =SUM(N27:N30) -> 461000000 | O31: =SUM(O27:O30) -> 461000000 | ... R31: =SUM(R27:R30) -> 3945000000
B32: Total EBITDA | H32: =H24-H31 -> 0 | I32: =I24-I31 -> 781000000 | J32: =J24-J31 -> 781000000 | K32: =K24-K31 -> 729000000 | L32: =L24-L31 -> 729000000 | M32: =M24-M31 -> 789000000 | N32: =N24-N31 -> 601500000 | O32: =O24-O31 -> 601500000 | ... R32: =R24-R31 -> 6555000000
B33: Ebitda margin | H33: =H32/H24 -> #DIV/0! | I33: =I32/I24 -> 0.6248 | J33: =J32/J24 -> 0.6248 | K33: =K32/K24 -> 0.5832 | L33: =L32/L24 -> 0.5832 | M33: =M32/M24 -> 0.6312 | N33: =N32/N24 -> 0.56611765 | O33: =O32/O24 -> 0.56611765 | ... R33: =R32/R24 -> 0.62428571
B35: Depreciation Expense | H35: =H69 -> 210000000 | I35: =I69 -> 2.3777778e+08 | J35: =J69 -> 2.3777778e+08 | K35: =K69 -> 2.3777778e+08 | L35: =L69 -> 2.3777778e+08 | M35: =M69 -> 2.3777778e+08 | N35: =N69 -> 2.3777778e+08 | O35: =O69 -> 2.3777778e+08 | ... Q35: =Q69 -> 0 | R35: =SUM(H35:Q35) -> 2.1122222e+09
B36: Total EBIT | H36: =H32-H35 -> -210000000 | I36: =I32-I35 -> 5.4322222e+08 | J36: =J32-J35 -> 5.4322222e+08 | K36: =K32-K35 -> 4.9122222e+08 | L36: =L32-L35 -> 4.9122222e+08 | M36: =M32-M35 -> 5.5122222e+08 | N36: =N32-N35 -> 3.6372222e+08 | O36: =O32-O35 -> 3.6372222e+08 | ... R36: =R32-R35 -> 4.4427778e+09
R38: =SUM(H38:Q38) -> 0
B39: EBT | H39: =H36-H38 -> -210000000 | I39: =I36-I38 -> 5.4322222e+08 | J39: =J36-J38 -> 5.4322222e+08 | K39: =K36-K38 -> 4.9122222e+08 | L39: =L36-L38 -> 4.9122222e+08 | M39: =M36-M38 -> 5.5122222e+08 | N39: =N36-N38 -> 3.6372222e+08 | O39: =O36-O38 -> 3.6372222e+08 | ... Q39: =Q36-Q38 -> 941500000 | R39: =SUM(H39:Q39) -> 4.4427778e+09
B40: Tax Expense | H40: =IF(H39<0,0,H39*$G$3) -> 0 | I40: =IF(I39<0,0,I39*$G$3) -> 10864444 | J40: =IF(J39<0,0,J39*$G$3) -> 10864444 | K40: =IF(K39<0,0,K39*$G$3) -> 9824444.4 | L40: =IF(L39<0,0,L39*$G$3) -> 9824444.4 | M40: =IF(M39<0,0,M39*$G$3) -> 11024444 | N40: =IF(N39<0,0,N39*$G$3) -> 7274444.4 | O40: =IF(O39<0,0,O39*$G$3) -> 7274444.4 | ... Q40: =IF(Q39<0,0,Q39*$G$3) -> 18830000 | R40: =SUM(H40:Q40) -> 93055556
B41: Net Income | H41: =H39-H40 -> -210000000 | I41: =I39-I40 -> 5.3235778e+08 | J41: =J39-J40 -> 5.3235778e+08 | K41: =K39-K40 -> 4.8139778e+08 | L41: =L39-L40 -> 4.8139778e+08 | M41: =M39-M40 -> 5.4019778e+08 | N41: =N39-N40 -> 3.5644778e+08 | O41: =O39-O40 -> 3.5644778e+08 | ... Q41: =Q39-Q40 -> 922670000 | R41: =R36-R40 -> 4.3497222e+09
B43: Capex | G43: =-H12 -> -2100000000 | H43: =-I12 -> -250000000 | I43: =-J12 -> 0 | J43: =-K12 -> 0 | K43: =-L12 -> 0 | L43: =-M12 -> 0 | M43: =-N12 -> 0 | N43: =-O12 -> 0 | ... Q43: =-R12 -> 0
B44: FCFF | G44: =G43 -> -2100000000 | H44: =H43+H41+H35 -> -250000000 | I44: =I43+I41+I35 -> 7.7013556e+08 | J44: =J43+J41+J35 -> 7.7013556e+08 | K44: =K43+K41+K35 -> 7.1917556e+08 | L44: =L43+L41+L35 -> 7.1917556e+08 | M44: =M43+M41+M35 -> 7.7797556e+08 | N44: =N43+N41+N35 -> 5.9422556e+08 | O44: =O43+O41+O35 -> 5.9422556e+08 | ... Q44: =Q43+Q41+Q35 -> 922670000
B45: Accumulated FCF | G45: =G44 -> -2100000000 | H45: =G45+H44 -> -2350000000 | I45: =H45+I44 -> -1.5798644e+09 | J45: =I45+J44 -> -8.0972889e+08 | K45: =J45+K44 -> -90553333 | L45: =K45+L44 -> 6.2862222e+08 | M45: =L45+M44 -> 1.4065978e+09 | N45: =M45+N44 -> 2.0008233e+09 | O45: =N45+O44 -> 2.5950489e+09 | ... Q45: =P45+Q44 -> 4.1119444e+09
B46: Interest | G46: =IF(G45<0,G45*70%*$G$4,G45*$G$7) -> -147000000 | H46: =IF(H45<0,H45*70%*$G$4,H45*$G$7) -> -164500000 | I46: =IF(I45<0,I45*70%*$G$4,I45*$G$7) -> -1.1059051e+08 | J46: =IF(J45<0,J45*70%*$G$4,J45*$G$7) -> -56681022 | K46: =IF(K45<0,K45*70%*$G$4,K45*$G$7) -> -6338733.3 | L46: =IF(L45<0,L45*70%*$G$4,L45*$G$7) -> 18858667 | M46: =IF(M45<0,M45*70%*$G$4,M45*$G$7) -> 42197933 | N46: =IF(N45<0,N45*70%*$G$4,N45*$G$7) -> 60024700 | ... Q46: =IF(Q45<0,Q45*70%*$G$4,Q45*$G$7) -> 1.2335833e+08 | R46: =SUM(H46:Q46) -> 79859067
B47: FCFF after Interest | G47: =G44+G46 -> -2247000000 | H47: =H44+H46 -> -414500000 | I47: =I44+I46 -> 6.5954504e+08 | J47: =J44+J46 -> 7.1345453e+08 | K47: =K44+K46 -> 7.1283682e+08 | L47: =L44+L46 -> 7.3803422e+08 | M47: =M44+M46 -> 8.2017349e+08 | N47: =N44+N46 -> 6.5425026e+08 | ... Q47: =Q44+Q46 -> 1.0460283e+09
B48: Accumulated FCF after Interest | G48: =G47 -> -2247000000 | H48: =G48+H47 -> -2661500000 | I48: =H48+I47 -> -2.001955e+09 | J48: =I48+J47 -> -1.2885004e+09 | K48: =J48+K47 -> -5.756636e+08 | L48: =K48+L47 -> 1.6237062e+08 | M48: =L48+M47 -> 9.8254411e+08 | N48: =M48+N47 -> 1.6367944e+09 | O48: =N48+O47 -> 2.3088714e+09 | ... Q48: =P48+Q47 -> 4.0448035e+09
B49: PBP | H49: =IF(AND(G48<0,H48>0),H57-(H48/H44),0) -> 0 | I49: =IF(AND(H48<0,I48>0),I57-(I48/I44),0) -> 0 | J49: =IF(AND(I48<0,J48>0),J57-(J48/J47),0) -> 0 | K49: =IF(AND(J48<0,K48>0),K57-(K48/K47),0) -> 0 | L49: =IF(AND(K48<0,L48>0),L57-(L48/L47),0) -> 4.7799958 | M49: =IF(AND(L48<0,M48>0),M57-(M48/M47),0) -> 0 | N49: =IF(AND(M48<0,N48>0),N57-(N48/N47),0) -> 0 | O49: =IF(AND(N48<0,O48>0),O57-(O48/O47),0) -> 0 | P49: =IF(AND(O48<0,P48>0),P57-(P48/P47),0) -> 0 | Q49: =IF(AND(P48<0,Q48>0),Q57-(Q48/Q47),0) -> 0
B52: IRR | G52: =IRR(G47:Q47) -> 0.18395886
B53: NPV | G53: =NPV(G4,H44:Q44)+G44 -> 1.4546033e+09
B54: EBITDA margin | G54: =R33 -> 0.62428571
B55: Payback | G55: =SUM(G49:Q49) -> 4.7799958
H57: 1 | I57: 2 | J57: 3 | K57: 4 | L57: 5 | M57: 6 | N57: 7 | O57: 8 | P57: 9
B58: Depreciation Calculation | E58: no of Year depreciated | H58: =H15 -> Year 1 | I58: =I15 -> Year 2 | J58: =J15 -> Year 3 | K58: =K15 -> Year 4 | L58: =L15 -> Year 5
D59: Year 1 | E59: 10 | H59: =H$12/$E59 -> 210000000 | I59: =H59 -> 210000000 | J59: =I59 -> 210000000 | K59: =J59 -> 210000000 | L59: =K59 -> 210000000 | M59: =L59 -> 210000000 | N59: =M59 -> 210000000 | O59: =N59 -> 210000000 | P59: =O59 -> 210000000
D60: Year 2 | E60: 9 | I60: =I$12/$E60 -> 27777778 | J60: =I60 -> 27777778 | K60: =J60 -> 27777778 | L60: =K60 -> 27777778 | M60: =L60 -> 27777778 | N60: =M60 -> 27777778 | O60: =N60 -> 27777778 | P60: =O60 -> 27777778
D61: Year 3 | E61: 8 | J61: =J$12/$E61 -> 0 | K61: =J61 -> 0 | L61: =K61 -> 0 | M61: =L61 -> 0 | N61: =M61 -> 0 | O61: =N61 -> 0 | P61: =O61 -> 0
D62: Year 4 | E62: 7 | K62: =K$12/$E62 -> 0 | L62: =K62 -> 0 | M62: =L62 -> 0 | N62: =M62 -> 0 | O62: =N62 -> 0 | P62: =O62 -> 0
E63: 6
E64: 5
E65: 4
E66: 3
E67: 2
D68: Year 5 | E68: 1 | L68: =L$12/$E68 -> 0
B69: Total Depreciation | H69: =SUM(H59:H68) -> 210000000 | I69: =SUM(I59:I68) -> 2.3777778e+08 | J69: =SUM(J59:J68) -> 2.3777778e+08 | K69: =SUM(K59:K68) -> 2.3777778e+08 | L69: =SUM(L59:L68) -> 2.3777778e+08 | M69: =SUM(M59:M68) -> 2.3777778e+08 | N69: =SUM(N59:N68) -> 2.3777778e+08 | O69: =SUM(O59:O68) -> 2.3777778e+08 | P69: =SUM(P59:P68) -> 2.3777778e+08
P70: =SUM(H69:P69)-R35 -> 0
G81: loan | H81: =H12 -> 2100000000
G82: Period (thn) | H82: 5
G83: Installment/thn | H83: =H81/H82 -> 420000000
G84: Loan balance | H84: =H81 -> 2100000000 | I84: =H84-$H$83 -> 1680000000 | J84: =I84-$H$83 -> 1260000000 | K84: =J84-$H$83 -> 840000000 | L84: =K84-$H$83 -> 420000000 | M84: =L84-$H$83 -> 0
G85: Interest | H85: =H84*$G$4*6/12 -> 105000000 | I85: =AVERAGE(H84,I84)*$G$4 -> 189000000 | J85: =AVERAGE(I84,J84)*$G$4 -> 147000000 | K85: =AVERAGE(J84,K84)*$G$4 -> 105000000 | L85: =AVERAGE(K84,L84)*$G$4 -> 63000000 | M85: =AVERAGE(L84,M84)*$G$4 -> 21000000

Sheet IRR (2)
B1: Assumption: | R1: AEON DELTAMAS
B2: General
C3: Tax Rate | G3: 0.25
C4: Interest Rate | G4: 0.12
C5: SG&A | G5: 0 | H5: from Revenues
C6: BHPUSO | G6: 0 | H6: from Revenues
H9: Y1 | I9: Y2 | J9: Y3 | K9: Y4 | L9: Y5 | M9: Y6 | N9: Y7 | O9: Y8 | P9: Y9 | Q9: Y10
B10: CAPEX
B12: Total CAPEX | H12: 2100000000 | I12: 250000000 | J12: 0 | K12: 0
B15: IRR Calculation | H15: Year 1 | I15: Year 2 | J15: Year 3 | K15: Year 4 | L15: Year 5 | M15: Year 6 | N15: Year 7 | O15: Year 8 | P15: Year 9 | Q15: Year 10 | R15: Total
B16: Months of Service | H16: 12 | I16: 12 | J16: 12 | K16: 12 | L16: 12 | M16: 12 | N16: 12 | O16: 12 | P16: 12 | Q16: 12
N17: 0.15
B19: Revenues
C20: Telkomsel | I20: 500000000 | J20: 500000000 | K20: 500000000 | L20: 500000000 | M20: 500000000 | N20: =M20*(1-$N$17) -> 425000000 | O20: =N20 -> 425000000 | P20: =O20 -> 425000000 | Q20: =P20 -> 425000000 | R20: =SUM(H20:Q20) -> 4200000000
C21: XL | I21: 250000000 | J21: 250000000 | K21: 250000000 | L21: 250000000 | M21: 250000000 | N21: =M21*(1-$N$17) -> 212500000 | O21: =N21 -> 212500000 | P21: =O21 -> 212500000 | Q21: =P21 -> 212500000 | R21: =SUM(H21:Q21) -> 2100000000
C22: IOH | I22: 500000000 | J22: 500000000 | K22: 500000000 | L22: 500000000 | M22: 500000000 | N22: =M22*(1-$N$17) -> 425000000 | O22: =N22 -> 425000000 | P22: =O22 -> 425000000 | Q22: =P22 -> 425000000 | R22: =SUM(H22:Q22) -> 4200000000
C23: Smartfren | R23: =SUM(H23:Q23) -> 0
B24: Total Revenues | E24: =SUM(H24:Q24) -> 10500000000 | H24: =SUM(H20:H23) -> 0 | I24: =SUM(I20:I23) -> 1250000000 | J24: =SUM(J20:J23) -> 1250000000 | K24: =SUM(K20:K23) -> 1250000000 | L24: =SUM(L20:L23) -> 1250000000 | M24: =SUM(M20:M23) -> 1250000000 | N24: =SUM(N20:N23) -> 1062500000 | O24: =SUM(O20:O23) -> 1062500000 | ... R24: =SUM(R20:R23) -> 10500000000
B26: OPEX
C27: Lease to BM | I27: 400000000 | J27: 400000000 | K27: 400000000 | L27: 400000000 | M27: =400000000*(1-N17) -> 340000000 | N27: =M27 -> 340000000 | O27: =N27 -> 340000000 | P27: =O27 -> 340000000 | Q27: 0 | R27: =SUM(H27:Q27) -> 2960000000
C28: Electricity | I28: =96000000*0.5 -> 48000000 | J28: =96000000*0.5 -> 48000000 | K28: =200000000*0.5 -> 100000000 | L28: =200000000*0.5 -> 100000000 | M28: =200000000*0.5 -> 100000000 | N28: =200000000*0.5 -> 100000000 | O28: =200000000*0.5 -> 100000000 | P28: =200000000*0.5 -> 100000000 | Q28: =200000000*0.5 -> 100000000 | R28: =SUM(H28:Q28) -> 796000000
C29: Maintenance | I29: 21000000 | J29: 21000000 | K29: 21000000 | L29: 21000000 | M29: 21000000 | N29: 21000000 | O29: 21000000 | P29: 21000000 | Q29: 21000000 | R29: =SUM(H29:Q29) -> 189000000
C30: SG&A | H30: =$G$5*H24 -> 0 | I30: =$G$5*I24 -> 0 | J30: =$G$5*J24 -> 0 | K30: =$G$5*K24 -> 0 | L30: =$G$5*L24 -> 0 | M30: =$G$5*M24 -> 0 | N30: =$G$5*N24 -> 0 | O30: =$G$5*O24 -> 0 | ... Q30: =$G$5*Q24 -> 0 | R30: =SUM(H30:Q30) -> 0
B31: Total OPEX | H31: =SUM(H27:H30) -> 0 | I31: =SUM(I27:I30) -> 469000000 | J31: =SUM(J27:J30) -> 469000000 | K31: =SUM(K27:K30) -> 521000000 | L31: =SUM(L27:L30) -> 521000000 | M31: =SUM(M27:M30) -> 461000000 | N31: =SUM(N27:N30) -> 461000000 | O31: =SUM(O27:O30) -> 461000000 | ... R31: =SUM(R27:R30) -> 3945000000
B32: Total EBITDA | H32: =H24-H31 -> 0 | I32: =I24-I31 -> 781000000 | J32: =J24-J31 -> 781000000 | K32: =K24-K31 -> 729000000 | L32: =L24-L31 -> 729000000 | M32: =M24-M31 -> 789000000 | N32: =N24-N31 -> 601500000 | O32: =O24-O31 -> 601500000 | ... R32: =R24-R31 -> 6555000000
B33: Ebitda margin | H33: =H32/H24 -> #DIV/0! | I33: =I32/I24 -> 0.6248 | J33: =J32/J24 -> 0.6248 | K33: =K32/K24 -> 0.5832 | L33: =L32/L24 -> 0.5832 | M33: =M32/M24 -> 0.6312 | N33: =N32/N24 -> 0.56611765 | O33: =O32/O24 -> 0.56611765 | ... R33: =R32/R24 -> 0.62428571
B35: Depreciation Expense | H35: =H66 -> 210000000 | I35: =I66 -> 2.3777778e+08 | J35: =J66 -> 2.3777778e+08 | K35: =K66 -> 2.3777778e+08 | L35: =L66 -> 2.3777778e+08 | M35: =M66 -> 2.3777778e+08 | N35: =N66 -> 2.3777778e+08 | O35: =O66 -> 2.3777778e+08 | ... Q35: =Q66 -> 0 | R35: =SUM(H35:Q35) -> 2.1122222e+09
B36: Total EBIT | H36: =H32-H35 -> -210000000 | I36: =I32-I35 -> 5.4322222e+08 | J36: =J32-J35 -> 5.4322222e+08 | K36: =K32-K35 -> 4.9122222e+08 | L36: =L32-L35 -> 4.9122222e+08 | M36: =M32-M35 -> 5.5122222e+08 | N36: =N32-N35 -> 3.6372222e+08 | O36: =O32-O35 -> 3.6372222e+08 | ... R36: =R32-R35 -> 4.4427778e+09
B38: Interest Expense | H38: =H85 -> 126000000 | I38: =I85 -> 241800000 | J38: =J85 -> 203400000 | K38: =K85 -> 147000000 | L38: =L85 -> 90600000 | M38: =M85 -> 34200000 | N38: =N85 -> 3000000 | O38: =O85 -> 0 | ... Q38: =Q85 -> 0 | R38: =SUM(H38:Q38) -> 846000000
B39: EBT | H39: =H36-H38 -> -336000000 | I39: =I36-I38 -> 3.0142222e+08 | J39: =J36-J38 -> 3.3982222e+08 | K39: =K36-K38 -> 3.4422222e+08 | L39: =L36-L38 -> 4.0062222e+08 | M39: =M36-M38 -> 5.1702222e+08 | N39: =N36-N38 -> 3.6072222e+08 | O39: =O36-O38 -> 3.6372222e+08 | ... Q39: =Q36-Q38 -> 941500000 | R39: =SUM(H39:Q39) -> 3.5967778e+09
B40: Tax Expense | H40: =IF(H39<0,0,H39*$G$3) -> 0 | I40: =IF(I39<0,0,I39*$G$3) -> 75355556 | J40: =IF(J39<0,0,J39*$G$3) -> 84955556 | K40: =IF(K39<0,0,K39*$G$3) -> 86055556 | L40: =IF(L39<0,0,L39*$G$3) -> 1.0015556e+08 | M40: =IF(M39<0,0,M39*$G$3) -> 1.2925556e+08 | N40: =IF(N39<0,0,N39*$G$3) -> 90180556 | O40: =IF(O39<0,0,O39*$G$3) -> 90930556 | ... Q40: =IF(Q39<0,0,Q39*$G$3) -> 235375000 | R40: =SUM(H40:Q40) -> 9.8319444e+08
B41: Net Income | H41: =H39-H40 -> -336000000 | I41: =I39-I40 -> 2.2606667e+08 | J41: =J39-J40 -> 2.5486667e+08 | K41: =K39-K40 -> 2.5816667e+08 | L41: =L39-L40 -> 3.0046667e+08 | M41: =M39-M40 -> 3.8776667e+08 | N41: =N39-N40 -> 2.7054167e+08 | O41: =O39-O40 -> 2.7279167e+08 | ... Q41: =Q39-Q40 -> 706125000 | R41: =R36-R40 -> 3.4595833e+09
B43: Capex | G43: =-H12 -> -2100000000 | H43: =-I12 -> -250000000 | I43: =-J12 -> 0 | J43: =-K12 -> 0 | K43: =-L12 -> 0 | L43: =-M12 -> 0 | M43: =-N12 -> 0 | N43: =-O12 -> 0 | ... Q43: =-R12 -> 0
B44: FCFF | G44: =G43 -> -2100000000 | H44: =H43+H41+H35 -> -376000000 | I44: =I43+I41+I35 -> 4.6384444e+08 | J44: =J43+J41+J35 -> 4.9264444e+08 | K44: =K43+K41+K35 -> 4.9594444e+08 | L44: =L43+L41+L35 -> 5.3824444e+08 | M44: =M43+M41+M35 -> 6.2554444e+08 | N44: =N43+N41+N35 -> 5.0831944e+08 | O44: =O43+O41+O35 -> 5.1056944e+08 | ... Q44: =Q43+Q41+Q35 -> 706125000
B45: Accumulated FCF | G45: =G44 -> -2100000000 | H45: =G45+H44 -> -2476000000 | I45: =H45+I44 -> -2.0121556e+09 | J45: =I45+J44 -> -1.5195111e+09 | K45: =J45+K44 -> -1.0235667e+09 | L45: =K45+L44 -> -4.8532222e+08 | M45: =L45+M44 -> 1.4022222e+08 | N45: =M45+N44 -> 6.4854167e+08 | O45: =N45+O44 -> 1.1591111e+09 | ... Q45: =P45+Q44 -> 2.3758056e+09
B46: PBP | H46: =IF(AND(G45<0,H45>0),H54-(H45/H44),0) -> 0 | I46: =IF(AND(H45<0,I45>0),I54-(I45/I44),0) -> 0 | J46: =IF(AND(I45<0,J45>0),J54-(J45/J44),0) -> 0 | K46: =IF(AND(J45<0,K45>0),K54-(K45/K44),0) -> 0 | L46: =IF(AND(K45<0,L45>0),L54-(L45/L44),0) -> 0 | M46: =IF(AND(L45<0,M45>0),M54-(M45/M44),0) -> 5.7758397 | N46: =IF(AND(M45<0,N45>0),N54-(N45/N44),0) -> 0 | O46: =IF(AND(N45<0,O45>0),O54-(O45/O44),0) -> 0 | ... Q46: =IF(AND(P45<0,Q45>0),Q54-(Q45/Q44),0) -> 0
B49: IRR | G49: =IRR(G44:Q44) -> 0.1259892
B50: NPV | G50: =NPV(G4,H44:Q44)+G44 -> 69848696
B51: EBITDA margin | G51: =R33 -> 0.62428571
B52: Payback | G52: =SUM(G46:Q46) -> 5.7758397
H54: 1 | I54: 2 | J54: 3 | K54: 4 | L54: 5 | M54: 6 | N54: 7 | O54: 8 | P54: 9
B55: Depreciation Calculation | E55: no of Year depreciated | H55: =H15 -> Year 1 | I55: =I15 -> Year 2 | J55: =J15 -> Year 3 | K55: =K15 -> Year 4 | L55: =L15 -> Year 5
D56: Year 1 | E56: 10 | H56: =H$12/$E56 -> 210000000 | I56: =H56 -> 210000000 | J56: =I56 -> 210000000 | K56: =J56 -> 210000000 | L56: =K56 -> 210000000 | M56: =L56 -> 210000000 | N56: =M56 -> 210000000 | O56: =N56 -> 210000000 | P56: =O56 -> 210000000
D57: Year 2 | E57: 9 | I57: =I$12/$E57 -> 27777778 | J57: =I57 -> 27777778 | K57: =J57 -> 27777778 | L57: =K57 -> 27777778 | M57: =L57 -> 27777778 | N57: =M57 -> 27777778 | O57: =N57 -> 27777778 | P57: =O57 -> 27777778
D58: Year 3 | E58: 8 | J58: =J$12/$E58 -> 0 | K58: =J58 -> 0 | L58: =K58 -> 0 | M58: =L58 -> 0 | N58: =M58 -> 0 | O58: =N58 -> 0 | P58: =O58 -> 0
D59: Year 4 | E59: 7 | K59: =K$12/$E59 -> 0 | L59: =K59 -> 0 | M59: =L59 -> 0 | N59: =M59 -> 0 | O59: =N59 -> 0 | P59: =O59 -> 0
E60: 6
E61: 5
E62: 4
E63: 3
E64: 2
D65: Year 5 | E65: 1 | L65: =L$12/$E65 -> 0
B66: Total Depreciation | H66: =SUM(H56:H65) -> 210000000 | I66: =SUM(I56:I65) -> 2.3777778e+08 | J66: =SUM(J56:J65) -> 2.3777778e+08 | K66: =SUM(K56:K65) -> 2.3777778e+08 | L66: =SUM(L56:L65) -> 2.3777778e+08 | M66: =SUM(M56:M65) -> 2.3777778e+08 | N66: =SUM(N56:N65) -> 2.3777778e+08 | O66: =SUM(O56:O65) -> 2.3777778e+08 | P66: =SUM(P56:P65) -> 2.3777778e+08
P67: =SUM(H66:P66)-R35 -> 0
G78: loan u/ capex | H78: =H12 -> 2100000000 | I78: =I12 -> 250000000
G79: Period (thn) | H79: 5 | I79: 5
G80: Installment/thn | H80: =H78/H79 -> 420000000 | I80: =I78/I79 -> 50000000
G81: Loan balance1 | H81: =H78 -> 2100000000 | I81: =H81-$H$80 -> 1680000000 | J81: =I81-$H$80 -> 1260000000 | K81: =J81-$H$80 -> 840000000 | L81: =K81-$H$80 -> 420000000 | M81: =L81-$H$80 -> 0
G82: Loan balance2 | I82: =I78 -> 250000000 | J82: =I82-$I$80 -> 200000000 | K82: =J82-$I$80 -> 150000000 | L82: =K82-$I$80 -> 100000000 | M82: =L82-$I$80 -> 50000000 | N82: =M82-$I$80 -> 0
G83: Interest1 | H83: =H81*$G$4*6/12 -> 126000000 | I83: =AVERAGE(H81,I81)*$G$4 -> 226800000 | J83: =AVERAGE(I81,J81)*$G$4 -> 176400000 | K83: =AVERAGE(J81,K81)*$G$4 -> 126000000 | L83: =AVERAGE(K81,L81)*$G$4 -> 75600000 | M83: =AVERAGE(L81,M81)*$G$4 -> 25200000
G84: Interest2 | I84: =I82*$G$4*6/12 -> 15000000 | J84: =AVERAGE(I82,J82)*$G$4 -> 27000000 | K84: =AVERAGE(J82,K82)*$G$4 -> 21000000 | L84: =AVERAGE(K82,L82)*$G$4 -> 15000000 | M84: =AVERAGE(L82,M82)*$G$4 -> 9000000 | N84: =AVERAGE(M82,N82)*$G$4 -> 3000000
G85: Total Interest | H85: =H83+H84 -> 126000000 | I85: =I83+I84 -> 241800000 | J85: =J83+J84 -> 203400000 | K85: =K83+K84 -> 147000000 | L85: =L83+L84 -> 90600000 | M85: =M83+M84 -> 34200000 | N85: =N83+N84 -> 3000000

Sheet Summary
C2: 0015/03/IRR/IBC/VII/2023 | M2: THE PARK RESIDENCE
C3: Product : | D3: IBC & OPenNet | J3: Tanggal P&L: | M3: 45390
C4: Status P&L | D4: Renewal
B6: Site Information | E6: Technical Information | J6: Financial Summary
B7: Site Name | D7: Apartement The Park Residence | E7: IBC | K7: Capex DAS | M7: 9.9539525e+08
K8: Capex /antenna | M8: =M7/H10 -> 3231802.8
B9: Address | D9: Jl. Bukit gading Raya kav 1 | E9: Antena PKS BM | H9: 308 | K9: Contract Period (thn) | M9: 1
D10: Kelapa gading | E10: Antena Asset | H10: 308 | K10: Interest rate /year | M10: =IRR!G5 -> 0.1
D11: Jakut | E11: Jumlah Pole Makro | H11: 1 | K11: Kurs 1USD | M11: 0
B12: Area building | D12: DKI Jakarta | E12: OPENET | K12: Total Revenue IBC (2th) | M12: ='IRR (4)'!O19+'IRR (4)'!O18 -> 1999748400
K13: Total Revenue Wifi (5th) | M13: ='IRR (4)'!O20+'IRR (4)'!O22+'IRR (4)'!O24 -> 1.2877665e+09
B14: Type of building | D14: Apartment | E14: Cable FO (Core) | H14: 0 | K14: Total Capex BV IBC 31Des22 | M14: ='IRR (4)'!G11 -> 2.6524206e+08
K15: Total Capex BV Wifi 31Des22 | M15: ='IRR (4)'!G12 -> 3.3061306e+08
K16: Total Capex BV Wifi 2023 | M16: ='IRR (4)'!H13 -> 1.3208917e+08
B17: Status | D17: Renewal | E17: Cable FO (meter) | H17: 0 | K17: Total COGS Rent IBC | M17: ='IRR (4)'!O28+'IRR (4)'!O29 -> 195000000
K18: Total COGS Rent Wifi | M18: ='IRR (4)'!O30+'IRR (4)'!O31+'IRR (4)'!O32 -> 4.1350707e+08
B19: Total floor | D19: 24 | E19: Drop Wire (meter) | H19: 0 | K19: Total COGS Others | M19: ='IRR (4)'!O33+'IRR (4)'!O34+'IRR (4)'!O35 -> 5.4937574e+08
B20: No of building tower | D20: 2 | E20: OTHERS | K20: IRR | M20: ='IRR (4)'!G52 -> 0.40299642
K21: NPV | M21: ='IRR (4)'!G53 -> 4.7503748e+08
K22: EBITDA margin | M22: ='IRR (4)'!G54 -> 0.64779389
K23: Payback (year) | M23: ='IRR (4)'!G55 -> 1.9195617
B25: Target To Achieve by Commercial: | L25: Prepared by
C26: Note Wifi: | D26: BM memiliki hutang ke IBS dari penerimaan IPL dan akan dicicil 10jt/bln | L26: Citra K.
D27: REV IBS via IPL tidak dilanjutkan lagi, Mora langsung Direct ke BM (Rev Share ke IBS 5%)
D28: Mora akan membayar Rev share ke IBS jika IBS membayar Rev Share dari IPL BM
D29: BM P3RS tidak bisa meyakinkan kelanjutan sewa sebab setiap 2thn ada penggantian mgm
B32: Approved by

Sheet IRR
B1: NO : 0015/03/IRR/IBC/VII/2023
B2: Assumption: | M2: The Park Residence
B3: General
C4: Tax Rate | G4: 0.02
C5: Interest Rate | G5: 0.1
C6: SG&A | G6: 0.05 | H6: from Revenues
C7: BHPUSO | G7: 0 | H7: from Revenues
C8: Erosion Price | G8: 0.15
H9: Y1 | I9: Y2 | J9: Y3 | K9: Y4 | L9: Y5
B10: CAPEX
B11: Total CAPEX | H11: 50000000 | I11: 0 | J11: 0 | K11: 0
B13: IRR Calculation | H13: Year 1 | I13: Year 2 | J13: Year 3 | K13: Year 4 | L13: Year 5 | M13: Total
B14: Months of Service | H14: 12 | I14: 12 | J14: 12 | K14: 12 | L14: 12
B15: Revenues
C17: Telkomsel | H17: 238200000 | M17: =SUM(H17:L17) -> 238200000
B18: Total Revenues | H18: =SUM(H15:H17) -> 238200000 | I18: =SUM(I15:I17) -> 0 | J18: =SUM(J15:J17) -> 0 | K18: =SUM(K15:K17) -> 0 | L18: =SUM(L15:L17) -> 0 | M18: =SUM(M17:M17) -> 238200000
B19: OPEX
C20: Lease to BM | H20: 25000000 | M20: =SUM(H20:L20) -> 25000000
C21: Electricity | H21: 48000000 | M21: =SUM(H21:L21) -> 48000000
C22: Maintenance | H22: 7000000 | M22: =SUM(H22:L22) -> 7000000
C23: SG&A | H23: =$G$6*H18 -> 11910000 | M23: =SUM(H23:L23) -> 11910000
B24: Total OPEX | H24: =SUM(H20:H23) -> 91910000 | I24: =SUM(I20:I23) -> 0 | J24: =SUM(J20:J23) -> 0 | K24: =SUM(K20:K23) -> 0 | L24: =SUM(L20:L23) -> 0 | M24: =SUM(M20:M23) -> 91910000
B25: Total EBITDA | H25: =H18-H24 -> 146290000 | M25: =M18-M24 -> 146290000
B26: Ebitda margin | H26: =H25/H18 -> 0.61414777 | M26: =M25/M18 -> 0.61414777
B28: Depreciation Expense | H28: =H47 -> 50000000 | M28: =SUM(H28:L28) -> 50000000
B29: Total EBIT | H29: =H25-H28 -> 96290000 | M29: =M25-M28 -> 96290000
B30: Interest Expense | H30: =PARAMETER!B$43 -> 2500000 | M30: =SUM(H30:L30) -> 2500000
B31: EBT | H31: =H29-H30 -> 93790000 | M31: =SUM(H31:L31) -> 93790000
B32: Tax Expense | H32: =IF(H31<0,0,H31*$G$4) -> 1875800 | M32: =SUM(H32:L32) -> 1875800
B33: Net Income | H33: =H31-H32 -> 91914200 | M33: =M29-M32 -> 94414200
B35: Capex | G35: =-H11 -> -50000000 | H35: =-I11 -> 0 | I35: =-J11 -> 0 | J35: =-K11 -> 0 | K35: =-L11 -> 0 | L35: =-M11 -> 0 | M35: =SUM(G35:L35) -> -50000000
B36: FCFF | G36: =G35 -> -50000000 | H36: =H35+H33+H28 -> 141914200 | I36: =I35+I33+I28 -> 0 | J36: =J35+J33+J28 -> 0 | K36: =K35+K33+K28 -> 0 | L36: =L35+L33+L28 -> 0 | M36: =SUM(G36:L36) -> 91914200
B37: Accumulated FCF | G37: =G36 -> -50000000 | H37: =G37+H36 -> 91914200 | I37: 0 | J37: 0 | K37: =J37+K36 -> 0 | L37: =K37+L36 -> 0
B38: PBP | H38: =IF(AND(G37<0,H37>0),H44-(H37/H36),0) -> 0.35232556 | I38: =IF(AND(H37<0,I37>0),I44-(I37/I36),0) -> 0 | J38: =IF(AND(I37<0,J37>0),J44-(J37/J36),0) -> 0 | K38: =IF(AND(J37<0,K37>0),K44-(K37/K36),0) -> 0 | L38: =IF(AND(K37<0,L37>0),L44-(L37/L36),0) -> 0
B40: IRR | G40: =IRR(G36:L36) -> 1.838284
B41: NPV | G41: =NPV(G5,H36:L36)+G36 -> 79012909
B42: EBITDA margin | G42: =M26 -> 0.61414777
B43: Payback | G43: =SUM(G38:L38) -> 0.35232556
H44: 1 | I44: 2 | J44: 3 | K44: 4 | L44: 5
B45: Depreciation Calculation | E45: no of Year depreciated | H45: =H13 -> Year 1 | I45: =I13 -> Year 2 | J45: =J13 -> Year 3 | K45: =K13 -> Year 4 | L45: =L13 -> Year 5
D46: Year 1 | E46: 1 | H46: =H$11/$E46 -> 50000000
B47: Total Depreciation | H47: =SUM(H46:H46) -> 50000000 | I47: =SUM(I46:I46) -> 0 | J47: =SUM(J46:J46) -> 0 | K47: =SUM(K46:K46) -> 0 | L47: =SUM(L46:L46) -> 0

Sheet Sheet2
A2: Tsel (06 Mei 2020 - 05 Mei 2023) Rp.792.000.000/3th | B2: 792000000 | C2: 3 | D2: =B2/C2 -> 264000000
A3: XL (17 Nov 2019 - 16 Nov 2024) Rp.1.405.815.000/5th | B3: 1405815000 | C3: 5 | D3: =B3/C3 -> 281163000
A4: H3i (18 Jan 2018 - 17 Jan 2023)Rp.1.287.360.000/5th | B4: 1287360000 | C4: 5 | D4: =B4/C4 -> 257472000

Sheet IRR (4)
B1: NO : 0015/03/IRR/IBC/VII/2023
B2: Assumption: | O2: The Park Residence
B3: General
C4: Tax Rate | G4: 0.02
C5: Interest Rate | G5: 0.1
C6: SG&A | G6: 0.05 | H6: from Revenues
C7: BHPUSO | G7: 0 | H7: from Revenues
C8: Erosion Price | G8: 0.15
H9: Y1 | I9: Y2 | J9: Y3 | K9: Y4 | L9: Y5 | M9: Y6 | N9: Y7
B10: CAPEX
B11: Total CAPEX BV IBC 31DES2022 | G11: 2.6524206e+08 | H11: 0 | I11: 0 | J11: 0 | K11: 0
B12: Total CAPEX BV WIFI 31DES2022 | G12: 3.3061306e+08
B13: Total CAPEX WIFI 2023 | H13: 1.3208917e+08
R14: 2.1075918e+08
B15: IRR Calculation | H15: 2023 | I15: =H15+1 -> 2024 | J15: =I15+1 -> 2025 | K15: =J15+1 -> 2026 | L15: =K15+1 -> 2027 | M15: =L15+1 -> 2028 | N15: =M15+1 -> 2029 | O15: Total | R15: 1.3208917e+08
B16: Months of Service | H16: 12 | I16: 12 | J16: 12 | K16: 12 | L16: 12 | M16: 12 | N16: 12
B17: Revenues
C18: REV IBC-XL | H18: 190000000 | O18: =SUM(H18:N18) -> 190000000
C19: REV IBC-Telkomsel | H19: 479721200 | I19: 221671200 | J19: =I19 -> 221671200 | K19: =J19 -> 221671200 | L19: =K19 -> 221671200 | M19: =L19 -> 221671200 | N19: =M19 -> 221671200 | O19: =SUM(H19:N19) -> 1809748400
C20: REV from IPL BM (125.000/unit) Asumsi 100 tenant (tapi BM Bayar Cicilan 10jt/bln) | I20: =10000000*12 -> 120000000 | J20: =I20 -> 120000000 | K20: =J20 -> 120000000 | L20: =K20 -> 120000000 | M20: =L20 -> 120000000 | N20: 34761364 | O20: =SUM(H20:N20) -> 634761364 | P20: Hutang IPL BM ke IBSW
C21: (hutang IPL BM ke IBS 634.761.364, dicicil BM 10jt/bln). & skema Via IPL dihentikan | P21: 634761364
C22: Rev from Rev Share Mora (Direct Mora to BM) (Rata2) | I22: =4800000*12 -> 57600000 | J22: =4800000*12 -> 57600000 | K22: =4800000*12 -> 57600000 | L22: =4800000*12 -> 57600000 | M22: =4800000*12 -> 57600000 | N22: =4800000*12 -> 57600000 | O22: =SUM(H22:N22) -> 345600000
C23: (skema Via IPL dihentikan dilanjutkan dgn ISP direct to BM)
C24: Rev from Rev Share Mora (Direct Mora to BM) Mora Byr Hutang ke IBSW krn BM byr cicilan | I24: ='Rekap IPL&Rev Share'!G70/6 -> 51234188 | J24: =I24 -> 51234188 | K24: =J24 -> 51234188 | L24: =K24 -> 51234188 | M24: =L24 -> 51234188 | N24: =M24 -> 51234188 | O24: =SUM(H24:N24) -> 3.0740513e+08
C25: (skema Via IPL dihentikan dilanjutkan dgn ISP direct to BM)
B26: Total Revenues | H26: =SUM(H17:H25) -> 669721200 | I26: =SUM(I17:I25) -> 4.5050539e+08 | J26: =SUM(J17:J25) -> 4.5050539e+08 | K26: =SUM(K17:K25) -> 4.5050539e+08 | L26: =SUM(L17:L25) -> 4.5050539e+08 | M26: =SUM(M17:M25) -> 4.5050539e+08 | N26: =SUM(N17:N25) -> 3.6526675e+08 | O26: =SUM(O18:O25) -> 3.2875149e+09
B27: OPEX
C28: Lease to BM IBC-Tsel | H28: 25000000 | I28: 25000000 | J28: 25000000 | K28: 25000000 | L28: 25000000 | M28: 25000000 | N28: 25000000 | O28: =SUM(H28:N28) -> 175000000
C29: Lease to BM IBC-XL | H29: 20000000 | O29: =SUM(H29:N29) -> 20000000
C30: REV Share to Mora from IPL BM (60Mora-40IBS) | H30: =H20*60% -> 0 | I30: =I20*60% -> 72000000 | J30: =J20*60% -> 72000000 | K30: =K20*60% -> 72000000 | L30: =L20*60% -> 72000000 | M30: =M20*60% -> 72000000 | N30: =N20*60% -> 20856818 | O30: =SUM(H30:N30) -> 3.8085682e+08
C31: Rev Share to BM from Direct Mora (5%) | I31: =I22*5% -> 2880000 | J31: =J22*5% -> 2880000 | K31: =K22*5% -> 2880000 | L31: =L22*5% -> 2880000 | M31: =M22*5% -> 2880000 | N31: =N22*5% -> 2880000 | O31: =SUM(H31:N31) -> 17280000
C32: Rev Share to BM from Direct Mora (5%) karena Mora mulai membayar hutangnya | I32: ='Rekap IPL&Rev Share'!F70/6 -> 2561709.4 | J32: =I32 -> 2561709.4 | K32: =J32 -> 2561709.4 | L32: =K32 -> 2561709.4 | M32: =L32 -> 2561709.4 | N32: =M32 -> 2561709.4 | O32: =SUM(H32:N32) -> 15370257 | P32: Hutang Rev Share Mora ke IBSW
C33: Electricity | H33: 48000000 | I33: =H33 -> 48000000 | J33: =I33 -> 48000000 | K33: =J33 -> 48000000 | L33: =K33 -> 48000000 | M33: =L33 -> 48000000 | N33: =M33 -> 48000000 | O33: =SUM(H33:N33) -> 336000000 | P33: 15370257
C34: Maintenance | H34: 7000000 | I34: 7000000 | J34: =I34 -> 7000000 | K34: =J34 -> 7000000 | L34: =K34 -> 7000000 | M34: =L34 -> 7000000 | N34: =M34 -> 7000000 | O34: =SUM(H34:N34) -> 49000000
C35: SG&A | H35: =$G$6*H26 -> 33486060 | I35: =$G$6*I26 -> 22525269 | J35: =$G$6*J26 -> 22525269 | K35: =$G$6*K26 -> 22525269 | L35: =$G$6*L26 -> 22525269 | M35: =$G$6*M26 -> 22525269 | N35: =$G$6*N26 -> 18263338 | O35: =SUM(H35:N35) -> 1.6437574e+08
B36: Total OPEX | H36: =SUM(H28:H35) -> 133486060 | I36: =SUM(I28:I35) -> 1.7996698e+08 | J36: =SUM(J28:J35) -> 1.7996698e+08 | K36: =SUM(K28:K35) -> 1.7996698e+08 | L36: =SUM(L28:L35) -> 1.7996698e+08 | M36: =SUM(M28:M35) -> 1.7996698e+08 | N36: =SUM(N28:N35) -> 1.2456187e+08 | O36: =SUM(O28:O35) -> 1.1578828e+09
B37: Total EBITDA | H37: =H26-H36 -> 536235140 | I37: =I26-I36 -> 2.7053841e+08 | J37: =J26-J36 -> 2.7053841e+08 | K37: =K26-K36 -> 2.7053841e+08 | L37: =L26-L36 -> 2.7053841e+08 | M37: =M26-M36 -> 2.7053841e+08 | N37: =N26-N36 -> 2.4070489e+08 | O37: =O26-O36 -> 2.1296321e+09
B38: Ebitda margin | H38: =H37/H26 -> 0.80068414 | I38: =I37/I26 -> 0.60052203 | J38: =J37/J26 -> 0.60052203 | K38: =K37/K26 -> 0.60052203 | L38: =L37/L26 -> 0.60052203 | M38: =M37/M26 -> 0.60052203 | N38: =N37/N26 -> 0.65898384 | O38: =O37/O26 -> 0.64779389
B40: Depreciation Expense | H40: =H59 -> 1.0399204e+08 | I40: =I59 -> 1.0399204e+08 | J40: =J59 -> 1.0399204e+08 | K40: =K59 -> 1.0399204e+08 | L40: =L59 -> 1.0399204e+08 | M40: =M59 -> 1.0399204e+08 | N40: =N59 -> 1.0399204e+08 | O40: =SUM(H40:L40) -> 5.1996021e+08
B41: Total EBIT | H41: =H37-H40 -> 4.322431e+08 | I41: =I37-I40 -> 1.6654637e+08 | J41: =J37-J40 -> 1.6654637e+08 | K41: =K37-K40 -> 1.6654637e+08 | L41: =L37-L40 -> 1.6654637e+08 | M41: =M37-M40 -> 1.6654637e+08 | N41: =N37-N40 -> 1.3671285e+08 | O41: =O37-O40 -> 1.6096719e+09
B42: Interest Expense | H42: =PARAMETER!M37 -> 26159471 | I42: =PARAMETER!N37 -> 21886518 | J42: =PARAMETER!O37 -> 13567392 | K42: =PARAMETER!P37 -> 7652216.2 | L42: =PARAMETER!Q37 -> 4143006.1 | M42: =PARAMETER!R37 -> 11965689 | N42: =PARAMETER!S37 -> 0 | O42: =SUM(H42:N42) -> 85374292
B43: EBT | H43: =H41-H42 -> 4.0608363e+08 | I43: =I41-I42 -> 1.4465985e+08 | J43: =J41-J42 -> 1.5297898e+08 | K43: =K41-K42 -> 1.5889415e+08 | L43: =L41-L42 -> 1.6240336e+08 | M43: =M41-M42 -> 1.5458068e+08 | N43: =N41-N42 -> 1.3671285e+08 | O43: =SUM(H43:N43) -> 1.3163135e+09
B44: Tax Expense | H44: =IF(H43<0,0,H43*$G$4) -> 8121672.6 | I44: =IF(I43<0,0,I43*$G$4) -> 2893197 | J44: =IF(J43<0,0,J43*$G$4) -> 3059579.5 | K44: =IF(K43<0,0,K43*$G$4) -> 3177883 | L44: =IF(L43<0,0,L43*$G$4) -> 3248067.2 | M44: =IF(M43<0,0,M43*$G$4) -> 3091613.6 | N44: =IF(N43<0,0,N43*$G$4) -> 2734256.9 | O44: =SUM(H44:N44) -> 26326270
B45: Net Income | H45: =H43-H44 -> 3.9796196e+08 | I45: =I43-I44 -> 1.4176665e+08 | J45: =J43-J44 -> 1.499194e+08 | K45: =K43-K44 -> 1.5571627e+08 | L45: =L43-L44 -> 1.5915529e+08 | M45: =M43-M44 -> 1.5148907e+08 | N45: =N43-N44 -> 1.3397859e+08 | O45: =O43-O44 -> 1.2899872e+09
B47: Capex | G47: =-G11-G12 -> -5.9585511e+08 | H47: =-H13 -> -1.3208917e+08 | I47: =-J11 -> 0 | J47: =-K11 -> 0 | K47: =-L11 -> 0 | L47: =-O11 -> 0 | M47: =-P11 -> 0 | N47: =-Q11 -> 0 | O47: =SUM(G47:L47) -> -7.2794429e+08
B48: FCFF | G48: =G47 -> -5.9585511e+08 | H48: =H47+H45+H40 -> 3.6986482e+08 | I48: =I47+I45+I40 -> 2.4575869e+08 | J48: =J47+J45+J40 -> 2.5391144e+08 | K48: =K47+K45+K40 -> 2.5970831e+08 | L48: =L47+L45+L40 -> 2.6314734e+08 | M48: =M47+M45+M40 -> 2.5548111e+08 | N48: =N47+N45+N40 -> 2.3797063e+08 | O48: =SUM(G48:N48) -> 1.2899872e+09
B49: Accumulated FCF | G49: =G48 -> -5.9585511e+08 | H49: =G49+H48 -> -2.2599029e+08 | I49: =H49+I48 -> 19768403 | J49: =I49+J48 -> 2.7367984e+08 | K49: =J49+K48 -> 5.3338815e+08 | L49: =K49+L48 -> 7.9653549e+08 | M49: =L49+M48 -> 1.0520166e+09 | N49: =M49+N48 -> 1.2899872e+09
B50: PBP | H50: =IF(AND(G49<0,H49>0),H56-(H49/H48),0) -> 0 | I50: =IF(AND(H49<0,I49>0),I56-(I49/I48),0) -> 1.9195617 | J50: =IF(AND(I49<0,J49>0),J56-(J49/J48),0) -> 0 | K50: =IF(AND(J49<0,K49>0),K56-(K49/K48),0) -> 0 | L50: =IF(AND(K49<0,L49>0),L56-(L49/L48),0) -> 0
B52: IRR | G52: =IRR(G48:L48) -> 0.40299642
B53: NPV | G53: =NPV(G5,H48:L48)+G48 -> 4.7503748e+08
B54: EBITDA margin | G54: =O38 -> 0.64779389
B55: Payback | G55: =SUM(G50:L50) -> 1.9195617
H56: 1 | I56: 2 | J56: 3 | K56: 4 | L56: 5 | M56: 6 | N56: 7
B57: Depreciation Calculation | E57: no of Year depreciated | H57: =H15 -> 2023 | I57: =I15 -> 2024 | J57: =J15 -> 2025 | K57: =K15 -> 2026 | L57: =L15 -> 2027 | M57: =M15 -> 2028 | N57: =N15 -> 2029
D58: Year 1 | E58: 7 | H58: =(G$11+H$13+G12)/$E58 -> 1.0399204e+08 | I58: =H58 -> 1.0399204e+08 | J58: =I58 -> 1.0399204e+08 | K58: =J58 -> 1.0399204e+08 | L58: =K58 -> 1.0399204e+08 | M58: =L58 -> 1.0399204e+08 | N58: =M58 -> 1.0399204e+08
B59: Total Depreciation | H59: =SUM(H58:H58) -> 1.0399204e+08 | I59: =SUM(I58:I58) -> 1.0399204e+08 | J59: =SUM(J58:J58) -> 1.0399204e+08 | K59: =SUM(K58:K58) -> 1.0399204e+08 | L59: =SUM(L58:L58) -> 1.0399204e+08 | M59: =SUM(M58:M58) -> 1.0399204e+08 | N59: =SUM(N58:N58) -> 1.0399204e+08

Sheet PARAMETER
A1: PERHITUNGAN INTEREST EXPENSE based CAPEX
A2: Capex tahun | B2: 5 | C2: 2013 | D2: =C2+1 -> 2014 | E2: =D2+1 -> 2015 | F2: =E2+1 -> 2016 | G2: =F2+1 -> 2017 | H2: =G2+1 -> 2018 | I2: =H2+1 -> 2019 | J2: =I2+1 -> 2020 | K2: =J2+1 -> 2021 | ... R2: =Q2+1 -> 2028
A3: 2013 | B3: loan IBC | C3: 1.1000592e+09 | D3: =C3-C4 -> 8.800474e+08 | E3: =D3-C4 -> 6.6003555e+08 | F3: =E3-C4 -> 4.400237e+08 | G3: =F3-C4 -> 2.2001185e+08 | H3: =G3-C4 -> 0 | I3: =H3-$E$4 -> 0 | J3: =I3-$E$4 -> 0 | T3: 2013 | U3: 1.7266708e+09
B4: Installment/thn | C4: =C3/B2 -> 2.2001185e+08 | T4: 2014 | U4: 422342499
B5: Interest | C5: =(($C$3*'IRR (4)'!G5*6)/12) -> 55002962 | D5: =AVERAGE(C3:D3)*'IRR (4)'!$G$5 -> 99005332 | E5: =AVERAGE(D3:E3)*'IRR (4)'!$G$5 -> 77004147 | F5: =AVERAGE(E3:F3)*'IRR (4)'!$G$5 -> 55002962 | G5: =AVERAGE(F3:G3)*'IRR (4)'!$G$5 -> 33001777 | H5: =AVERAGE(G3:H3)*'IRR (4)'!$G$5 -> 11000592 | I5: =AVERAGE($H$3:$I$3)*[2]IRR!$G$4 -> 0 | J5: =AVERAGE($I$3:$J$3)*[2]IRR!$G$4 -> 0 | T5: 2016 | U5: 10773000
A6: 2014 | B6: loan IBC | D6: 113378853 | E6: =D6-D7 -> 90703082 | F6: =E6-D7 -> 68027312 | G6: =F6-D7 -> 45351541 | H6: =G6-D7 -> 22675771 | T6: 2017 | U6: 102210600
B7: Installment/thn | D7: =D6/B2 -> 22675771
B8: Interest | D8: =((D6*'IRR (4)'!G5*6)/12) -> 5668942.7 | E8: =AVERAGE(D6:E6)*'IRR (4)'!$G$5 -> 10204097 | F8: =AVERAGE(E6:F6)*'IRR (4)'!$G$5 -> 7936519.7 | G8: =AVERAGE(F6:G6)*'IRR (4)'!$G$5 -> 5668942.7 | H8: =AVERAGE(G6:H6)*'IRR (4)'!$G$5 -> 3401365.6 | I8: =AVERAGE(H6:I6)*'IRR (4)'!$G$5 -> 2267577.1
A9: 2015 | B9: loan IBC | E9: 130974554 | F9: =E9-E10 -> 1.0477964e+08 | G9: =F9-E10 -> 78584732 | H9: =G9-E10 -> 52389822 | I9: =H9-E10 -> 26194911
B10: Installment/thn | E10: =E9/B2 -> 26194911
B11: Interest | E11: =((E9*'IRR (4)'!G5*6)/12) -> 6548727.7 | F11: =AVERAGE(E9:F9)*'IRR (4)'!$G$5 -> 11787710 | G11: =AVERAGE(F9:G9)*'IRR (4)'!$G$5 -> 9168218.8 | H11: =AVERAGE(G9:H9)*'IRR (4)'!$G$5 -> 6548727.7 | I11: =AVERAGE(H9:I9)*'IRR (4)'!$G$5 -> 3929236.6 | J11: =AVERAGE(I9:J9)*'IRR (4)'!$G$5 -> 2619491.1
A12: 2016 | B12: loan IBC | F12: 27609713 | G12: =F12-F13 -> 22087770 | H12: =G12-F13 -> 16565828 | I12: =H12-F13 -> 11043885 | J12: =I12-F13 -> 5521942.6 | K12: =J12-F13 -> 0
B13: Installment/thn | F13: =F12/B2 -> 5521942.6
B14: Interest | F14: =((F12*'IRR (4)'!G5*6)/12) -> 1380485.7 | G14: =AVERAGE(F12:G12)*'IRR (4)'!$G$5 -> 2484874.2 | H14: =AVERAGE(G12:H12)*'IRR (4)'!$G$5 -> 1932679.9 | I14: =AVERAGE(H12:I12)*'IRR (4)'!$G$5 -> 1380485.7 | J14: =AVERAGE(I12:J12)*'IRR (4)'!$G$5 -> 828291.39 | K14: =AVERAGE(J12:K12)*'IRR (4)'!$G$5 -> 276097.13
A15: 2017 | B15: loan IBC | G15: 6142500 | H15: =G15-G16 -> 4914000 | I15: =H15-G16 -> 3685500 | J15: =I15-G16 -> 2457000 | K15: =J15-G16 -> 1228500 | L15: =K15-G16 -> 0
B16: Installment/thn | G16: =G15/B2 -> 1228500
B17: Interest | G17: =((G15*'IRR (4)'!G5*6)/12) -> 307125 | H17: =AVERAGE(G15:H15)*'IRR (4)'!$G$5 -> 552825 | I17: =AVERAGE(H15:I15)*'IRR (4)'!$G$5 -> 429975 | J17: =AVERAGE(I15:J15)*'IRR (4)'!$G$5 -> 307125 | K17: =AVERAGE(J15:K15)*'IRR (4)'!$G$5 -> 184275 | L17: =AVERAGE(K15:L15)*'IRR (4)'!$G$5 -> 61425
A18: 2018 | B18: loan IBC | H18: 63728362 | I18: =H18-H19 -> 50982690 | J18: =I18-H19 -> 38237017 | K18: =J18-H19 -> 25491345 | L18: =K18-H19 -> 12745672 | M18: =L18-H19 -> 0
B19: Installment/thn | H19: =H18/B2 -> 12745672
B20: Interest | H20: =((H18*'IRR (4)'!G5*6)/12) -> 3186418.1 | I20: =AVERAGE(H18:I18)*'IRR (4)'!$G$5 -> 5735552.6 | J20: =AVERAGE(I18:J18)*'IRR (4)'!$G$5 -> 4460985.3 | K20: =AVERAGE(J18:K18)*'IRR (4)'!$G$5 -> 3186418.1 | L20: =AVERAGE(K18:L18)*'IRR (4)'!$G$5 -> 1911850.9 | M20: =AVERAGE(L18:M18)*'IRR (4)'!$G$5 -> 637283.62
A21: 2020 | B21: loan IBC | J21: 6142500 | K21: =J21-J22 -> 4914000 | L21: =K21-J22 -> 3685500 | M21: =L21-J22 -> 2457000 | N21: =M21-J22 -> 1228500 | O21: =N21-J22 -> 0
B22: Installment/thn | J22: =J21/B2 -> 1228500
B23: Interest | J23: =((J21*'IRR (4)'!G5*6)/12) -> 307125 | K23: =AVERAGE(J21:K21)*'IRR (4)'!$G$5 -> 552825 | L23: =AVERAGE(K21:L21)*'IRR (4)'!$G$5 -> 429975 | M23: =AVERAGE(L21:M21)*'IRR (4)'!$G$5 -> 307125 | N23: =AVERAGE(M21:N21)*'IRR (4)'!$G$5 -> 184275 | O23: =AVERAGE(N21:O21)*'IRR (4)'!$G$5 -> 61425
A24: 2018 | B24: loan Wifi | H24: 247267500 | I24: =H24-H25 -> 197814000 | J24: =I24-H25 -> 148360500 | K24: =J24-H25 -> 98907000 | L24: =K24-H25 -> 49453500 | M24: =L24-H25 -> 0
B25: Installment/thn | H25: =H24/B2 -> 49453500
B26: Interest | H26: =((H24*'IRR (4)'!G5*6)/12) -> 12363375 | I26: =AVERAGE(H24:I24)*'IRR (4)'!$G$5 -> 22254075 | J26: =AVERAGE(I24:J24)*'IRR (4)'!$G$5 -> 17308725 | K26: =AVERAGE(J24:K24)*'IRR (4)'!$G$5 -> 12363375 | L26: =AVERAGE(K24:L24)*'IRR (4)'!$G$5 -> 7418025 | M26: =AVERAGE(L24:M24)*'IRR (4)'!$G$5 -> 2472675
A27: 2020 | B27: loan Wifi | J27: 234252476 | K27: =J27-J28 -> 1.8740198e+08 | L27: =K27-J28 -> 1.4055149e+08 | M27: =L27-J28 -> 93700990 | N27: =M27-J28 -> 46850495 | O27: =N27-J28 -> 0
B28: Installment/thn | J28: =J27/B2 -> 46850495
B29: Interest | J29: =((J27*'IRR (4)'!G5*6)/12) -> 11712624 | K29: =AVERAGE(J27:K27)*'IRR (4)'!$G$5 -> 21082723 | L29: =AVERAGE(K27:L27)*'IRR (4)'!$G$5 -> 16397673 | M29: =AVERAGE(L27:M27)*'IRR (4)'!$G$5 -> 11712624 | N29: =AVERAGE(M27:N27)*'IRR (4)'!$G$5 -> 7027574.3 | O29: =AVERAGE(N27:O27)*'IRR (4)'!$G$5 -> 2342524.8
A30: 2022 | B30: loan Wifi | L30: 56292456 | M30: =L30-L31 -> 45033965 | N30: =M30-L31 -> 33775474 | O30: =N30-L31 -> 22516982 | P30: =O30-L31 -> 11258491 | Q30: =P30-L31 -> 0
B31: Installment/thn | L31: =L30/B2 -> 11258491
B32: Interest | L32: =((L30*'IRR (4)'!G5*6)/12) -> 2814622.8 | M32: =AVERAGE(L30:M30)*'IRR (4)'!$G$5 -> 5066321 | N32: =AVERAGE(M30:N30)*'IRR (4)'!$G$5 -> 3940471.9 | O32: =AVERAGE(N30:O30)*'IRR (4)'!$G$5 -> 2814622.8 | P32: =AVERAGE(O30:P30)*'IRR (4)'!$G$5 -> 1688773.7 | Q32: =AVERAGE(P30:Q30)*'IRR (4)'!$G$5 -> 562924.56
A33: 2023 | B33: loan Wifi | M33: 119268851 | N33: =M33-M34 -> 95415081 | O33: =N33-M34 -> 71561311 | P33: =O33-M34 -> 47707540 | Q33: =P33-M34 -> 23853770 | R33: =Q33-M34 -> 0
B34: Installment/thn | M34: =M33/B2 -> 23853770
B35: Interest | M35: =((M33*'IRR (4)'!G5*6)/12) -> 5963442.6 | N35: =AVERAGE(M33:N33)*'IRR (4)'!$G$5 -> 10734197 | O35: =AVERAGE(N33:O33)*'IRR (4)'!$G$5 -> 8348819.6 | P35: =AVERAGE(O33:P33)*'IRR (4)'!$G$5 -> 5963442.5 | Q35: =AVERAGE(P33:Q33)*'IRR (4)'!$G$5 -> 3578065.5 | R35: =AVERAGE(Q33:R33)*'IRR (4)'!$G$5 -> 1192688.5
B37: Interest Exp | C37: =C23+C20+C17+C14+C11+C8+F5+C26+C29+C32+C35 -> 55002962 | D37: =D23+D20+D17+D14+D11+D8+G5+D26+D29+D32+D35 -> 38670720 | E37: =E23+E20+E17+E14+E11+E8+H5+E26+E29+E32+E35 -> 27753417 | F37: =F23+F20+F17+F14+F11+F8+I5+F26+F29+F32+F35 -> 21104715 | G37: =G23+G20+G17+G14+G11+G8+J5+G26+G29+G32+G35 -> 17629161 | H37: =H23+H20+H17+H14+H11+H8+K5+H26+H29+H32+H35 -> 27985391 | I37: =I23+I20+I17+I14+I11+I8+L5+I26+I29+I32+I35 -> 35996902 | J37: =J23+J20+J17+J14+J11+J8+M5+J26+J29+J32+J35 -> 37544367 | ... R37: =R23+R20+R17+R14+R11+R8+U5+R26+R29+R32+R35 -> 11965689
B39: Year 1 | C39: Year 2 | D39: Year 3 | E39: Year 4 | F39: Year 5 | G39: Year 6 | H39: Year 7 | I39: Year 8 | J39: Year 9 | K39: Year 10
A40: loan | B40: =IRR!$H$11+IRR!$I$11 -> 50000000 | C40: =B40-$B$42 -> 40000000 | D40: =C40-$B$42 -> 30000000 | E40: =D40-$B$42 -> 20000000 | F40: =E40-$B$42 -> 10000000 | G40: =F40-$B$42 -> 0 | H40: =$G$40-$B$42 -> -10000000 | I40: =$H$40-$B$42 -> -20000000 | J40: =$I$40-$B$42 -> -30000000 | K40: =$J$40-$B$42 -> -40000000
A41: Period (thn) | B41: 5
A42: Installment/thn | B42: =$B$40/$B$41 -> 10000000
A43: Interest | B43: =(($B$40*IRR!$G$5)*6)/12 -> 2500000 | C43: =AVERAGE($B$40:$C$40)*IRR!$G$5 -> 4500000 | D43: =AVERAGE($C$40:$D$40)*IRR!$G$5 -> 3500000 | E43: =AVERAGE($D$40:$E$40)*IRR!$G$5 -> 2500000 | F43: =AVERAGE($E$40:$F$40)*IRR!$G$5 -> 1500000 | G43: =AVERAGE($F$40:$G$40)*IRR!$G$5 -> 500000 | H43: =AVERAGE($G$40:$H$40)*IRR!$G$5 -> -500000 | I43: =AVERAGE($H$40:$I$40)*IRR!$G$5 -> -1500000 | J43: =AVERAGE($I$40:$J$40)*IRR!$G$5 -> -2500000 | K43: =AVERAGE($J$40:$K$40)*IRR!$G$5 -> -3500000
F47: person | G47: trip | H47: kamar | I47: Days by Omni | J47: Biaya walktest inhouse/visit | K47: Biaya walktest inhouse/thn
E48: Diisikan | F48: 1 | G48: 1 | H48: 1 | I48: =Summary!H10 -> 308
B49: Transport | C49: Pesawat | D49: =C60 -> 3000000 | E49: person | F49: =F48 -> 1 | J49: =F49*D49 -> 3000000
C50: Bandara | D50: 600000 | E50: person | F50: =F48 -> 1 | I50: =IF($I$48<=120,2,IF($I$48>220,4,3)) -> 4 | J50: =D50*F50 -> 600000
C51: Transport | D51: 200000 | E51: Trip | G51: =G48 -> 1 | J51: =G51*D51 -> 200000
B52: Hotel | C52: Hotel | D52: 450000 | E52: kamar | F52: =F48 -> 1 | H52: =H48 -> 1 | I52: =IF($I$48<=120,2,IF($I$48>220,4,3)) -> 4 | J52: =H52*D52*I52 -> 1800000
B53: Uang Saku | C53: Uang Saku | D53: 120000 | E53: person | F53: =F48 -> 1 | I53: =IF($I$48<=120,2,IF($I$48>220,4,3)) -> 4 | J53: =I53*D53*F53 -> 480000
J54: =SUM(J49:J53) -> 6080000 | K54: =J54*4 -> 24320000
B58: PM/Year/Site | C58: Pesawat | E58: Asumsi:
A59: Sulut | B59: 16800000 | C59: 4000000 | E59: Walktest 4x dalam setahun semua operator sekaligus
A60: Makasar | C60: 3000000 | E60: Walktest pertama oleh vendor | I60: 10000000
A61: Bali | B61: 15600000 | C61: 2500000 | E61: Walktest pertama oleh vendor | H61: Pekanbaru | I61: 12000000
A62: Jatim | B62: 15000000 | C62: 2000000 | E62: Walktest pertama oleh vendor | H62: Sumut | I62: 14000000
A63: Jateng | B63: 15000000 | C63: 1850000 | E63: Walktest pertama oleh vendor | H63: Sulsel | I63: 14000000
A64: Jabar | B64: 12000000 | C64: 1200000 | E64: Walktest pertama oleh vendor | H64: Sulut | I64: 17000000
A65: Kalimantan | B65: 16800000 | C65: 2000000 | E65: Walktest pertama oleh vendor | H65: Kalimantan | I65: 14000000
A66: Sumatera | B66: 15720000 | C66: 3500000
A67: Palembang | C67: 2800000
A68: Jabodetabek | B68: 0 | C68: 0 | D68: Inhouse
B70: CM /Year/Oprt
B71: 7000000
A73: LISTRIK
A74: Listrik/Oprt/year DAS+1Pole 3sektor
A75: 0-100 | B75: 36000000
A76: 101-200 | B76: 42000000
A77: 201- | B77: 48000000
A79: Listrik/Oprt/year DAS+2Pole 6sektor
A80: 0-200 | B80: 75000000
A81: 201- | B81: 95000000

Sheet Analisa
A2: The Park Residence
A3: Periode | B3: Start | C3: End
A4: Rev Tsel | B4: 44986 | C4: 46811
A5: Rev XL | B5: 45131 | C5: 45496
A6: Sewa BM Tsel | B6: 44998 | C6: 45363
A7: Sewa BM XL | B7: 44998 | C7: 45363
B9: Start | C9: End | D9: Days
A10: Worse: Jika BM perpanjang sewa hanya setahun, dan Operator sesuai tanggal BM
A11: Rev Tsel | B11: 44998 | C11: 45363 | D11: =C11-B11 -> 365 | E11: 221671200 | F11: =E11/365*D11 -> 221671200
A12: Rev XL | B12: 45131 | C12: 45363 | D12: =C12-B12 -> 232 | E12: 190000000 | F12: =E12/365*D12 -> 1.2076712e+08
A13: Sewa BM Tsel | B13: 44998 | C13: 45363 | D13: =C13-B13 -> 365 | E13: 25000000 | F13: =-E13/365*D13 -> -25000000
A14: Sewa BM XL | B14: 45131 | C14: 45363 | D14: =C14-B14 -> 232 | E14: 20000000 | F14: =-E14/365*D14 -> -12712329
A15: OM Tsel | B15: 44998 | C15: 45363 | D15: =C15-B15 -> 365 | E15: 7000000 | F15: =-E15/365*D15 -> -7000000
A16: Listrik Tsel | B16: 44998 | C16: 45363 | D16: =C16-B16 -> 365 | E16: 48000000 | F16: =-E16/365*D16 -> -48000000
A17: Antisipasi Add Capex and Pole | E17: 100000000
A18: Profit | F18: =SUM(F11:F17) -> 2.4972599e+08
A21: Hutang IPL | B21: Mar-19 | C21: Sep-22 | E21: 699785000 | G21: (Inc PPN10% dan 11%)

Sheet Summary BR
C1: SUMMARY REVIEW
B3: Nama Site | C3: : Apartement The Park Residence
B4: Nama Pemilik | C4: : PPPSRS-PA
B5: Alamat Pemilik | C5: : Jl. Bukit gading Raya kav 1 Kelapa gading, Jakut
B6: Telp | C6: :
B7: Obyek Sewa | C7: : 308 titik antenna, RBS room 40 m2, Pole sesuai kebutuhan operator ( 2 Tower )
A9: No. | B9: Keterangan | C9: Existing | D9: Renewal
A11: 1. | B11: Scope Of Lease | C11: IBC | D11: =C11 -> IBC
A12: 2. | B12: Obyek Sewa | C12: 308 titik antenna, RBS room 40 m2, Pole sesuai kebutuhan operator | D12: =C12 -> 308 titik antenna, RBS room 40 m2, Pole sesuai kebutuhan operator
A13: 3. | B13: Periode Sewa Tsel | C13: 13 Maret 2018 -12 Maret 2023 | D13: 13 Maret 2023 - 12 Maret 2028 ( 5 Thn )
B14: Periode Sewa XL | C14: 13Mar2018 sd 12Mar23 | D14: 13 Mar23 sd 12Mar24
A15: 4. | B15: Harga Sewa Tsel/ Masa | C15: 200000000 | D15: 25000000
B16: Harga Sewa Tsel/ thn | C16: 40000000 | D16: =D15 -> 25000000
B17: Harga Sewa XL/ Masa | C17: 100000000 | D17: 20000000
B18: Harga Sewa XL/ thn | C18: =C17/5 -> 20000000 | D18: =D17 -> 20000000
A19: 5 | B19: Periode Rev. Tsel | C19: 29Jan2019 sd 28Feb2023 | D19: 1Mar23 sd 28Feb28
B20: Periode Rev. XL | C20: 24Jul23 sd 23Jul24 | D20: 24Jul23 sd 23Jul24 Setelahnya DROP
A21: 6 | B21: Kenaikan/ Penurunan Harga | C21: Mengalami penurunan 25%

Sheet Tagihan IPL
A1: OUTSTANDING IPL THE PARK RESIDENCE
A2: No | B2: No. Invoice | C2: Tgl Invoice | D2: Deskripsi | E2: Periode | F2: DPP | G2: Lunas | H2: Nelum Lunas | I2: PPn | J2: Total
A3: 1 | B3: 4220000072 | C3: 43640 | D3: PPPSRS 2 TOWER D-E THE PARK RESIDENCE | E3: 43466 | F3: 18250000 | G3: =F3 -> 18250000 | I3: =F3*10% -> 1825000 | J3: =G3+H3+I3 -> 20075000 | K3: Lunas oleh BM | L3: =G3/125000 -> 146
A4: 2 | B4: 4220000073 | C4: 43640 | D4: PPPSRS 2 TOWER D-E THE PARK RESIDENCE | E4: 43497 | F4: 13375000 | G4: =F4 -> 13375000 | I4: =F4*10% -> 1337500 | J4: =G4+H4+I4 -> 14712500 | K4: Lunas oleh BM | L4: =G4/125000 -> 107
A5: 3 | B5: 4220000079 | C5: 43656 | D5: PPPSRS 2 TOWER D-E THE PARK RESIDENCE | E5: 43525 | F5: 13375000 | G5: =F5-H5 -> 4738636 | H5: 8636364 | I5: =F5*10% -> 1337500 | J5: =G5+H5+I5 -> 14712500 | K5: Sisa belum lunas 8.636.364 | L5: =G5/125000 -> 37.909088 | M5: =H5/125000 -> 69.090912
A6: 4 | B6: 4220000080 | C6: 43656 | D6: PPPSRS 2 TOWER D-E THE PARK RESIDENCE | E6: 43556 | F6: 13250000 | H6: =F6 -> 13250000 | I6: =F6*10% -> 1325000 | J6: =G6+H6+I6 -> 14575000 | K6: =H6/125000 -> 106
A7: 5 | B7: 4220000081 | C7: 43656 | D7: PPPSRS 2 TOWER D-E THE PARK RESIDENCE | E7: 43586 | F7: 13250000 | H7: =F7 -> 13250000 | I7: =F7*10% -> 1325000 | J7: =G7+H7+I7 -> 14575000 | K7: =H7/125000 -> 106
A8: 6 | B8: 4220000125 | C8: 43860 | D8: PPPSRS 2 TOWER D-E THE PARK RESIDENCE | E8: 43617 | F8: 13375000 | H8: =F8 -> 13375000 | I8: =F8*10% -> 1337500 | J8: =G8+H8+I8 -> 14712500 | K8: =H8/125000 -> 107
A9: 7 | B9: 4220000126 | C9: 43860 | D9: PPPSRS 2 TOWER D-E THE PARK RESIDENCE | E9: 43647 | F9: 13500000 | H9: =F9 -> 13500000 | I9: =F9*10% -> 1350000 | J9: =G9+H9+I9 -> 14850000 | K9: =H9/125000 -> 108
A10: 8 | B10: 4220000127 | C10: 43860 | D10: PPPSRS 2 TOWER D-E THE PARK RESIDENCE | E10: 43678 | F10: 13500000 | H10: =F10 -> 13500000 | I10: =F10*10% -> 1350000 | J10: =G10+H10+I10 -> 14850000 | K10: =H10/125000 -> 108
A11: 9 | B11: 4220000137 | C11: 43903 | D11: PPPSRS 2 TOWER D-E THE PARK RESIDENCE | E11: 43709 | F11: 20375000 | H11: =F11 -> 20375000 | I11: =F11*10% -> 2037500 | J11: =G11+H11+I11 -> 22412500 | K11: =H11/125000 -> 163
A12: 10 | B12: 4220000138 | C12: 43903 | D12: PPPSRS 2 TOWER D-E THE PARK RESIDENCE | E12: 43739 | F12: 14625000 | H12: =F12 -> 14625000 | I12: =F12*10% -> 1462500 | J12: =G12+H12+I12 -> 16087500 | K12: =H12/125000 -> 117
A13: 11 | B13: 4220000139 | C13: 43903 | D13: PPPSRS 2 TOWER D-E THE PARK RESIDENCE | E13: 43770 | F13: 14250000 | H13: =F13 -> 14250000 | I13: =F13*10% -> 1425000 | J13: =G13+H13+I13 -> 15675000 | K13: =H13/125000 -> 114
A14: 12 | B14: 4220000140 | C14: 43903 | D14: PPPSRS 2 TOWER D-E THE PARK RESIDENCE | E14: 43800 | F14: 14125000 | H14: =F14 -> 14125000 | I14: =F14*10% -> 1412500 | J14: =G14+H14+I14 -> 15537500 | K14: =H14/125000 -> 113
A15: 13 | B15: 4220000164 | C15: 43998 | D15: PPPSRS 2 TOWER D-E THE PARK RESIDENCE | E15: 43831 | F15: 13750000 | H15: =F15 -> 13750000 | I15: =F15*10% -> 1375000 | J15: =G15+H15+I15 -> 15125000 | K15: =H15/125000 -> 110
A16: 14 | B16: 4220000165 | C16: 43998 | D16: PPPSRS 2 TOWER D-E THE PARK RESIDENCE | E16: 43862 | F16: 13625000 | H16: =F16 -> 13625000 | I16: =F16*10% -> 1362500 | J16: =G16+H16+I16 -> 14987500 | K16: =H16/125000 -> 109
A17: 15 | B17: 4220000166 | C17: 43998 | D17: PPPSRS 2 TOWER D-E THE PARK RESIDENCE | E17: 43891 | F17: 13625000 | H17: =F17 -> 13625000 | I17: =F17*10% -> 1362500 | J17: =G17+H17+I17 -> 14987500 | K17: =H17/125000 -> 109
... A35: 33 | B35: 4220000468 | C35: 44503 | D35: PPPSRS 2 TOWER D-E THE PARK RESIDENCE | E35: 44440 | F35: 15250000 | H35: =F35 -> 15250000 | I35: =F35*10% -> 1525000 | J35: =G35+H35+I35 -> 16775000 | K35: =H35/125000 -> 122
A36: 34 | B36: 4220000598 | C36: 44691 | D36: PPPSRS 2 TOWER D-E THE PARK RESIDENCE | E36: 44470 | F36: 15000000 | H36: =F36 -> 15000000 | I36: =F36*11% -> 1650000 | J36: =G36+H36+I36 -> 16650000 | K36: =H36/125000 -> 120
A37: 35 | B37: 4220000599 | C37: 44691 | D37: PPPSRS 2 TOWER D-E THE PARK RESIDENCE | E37: 44501 | F37: 12875000 | H37: =F37 -> 12875000 | I37: =F37*11% -> 1416250 | J37: =G37+H37+I37 -> 14291250 | K37: =H37/125000 -> 103
A38: 36 | B38: 4220000600 | C38: 44691 | D38: PPPSRS 2 TOWER D-E THE PARK RESIDENCE | E38: 44531 | F38: 12875000 | H38: =F38 -> 12875000 | I38: =F38*11% -> 1416250 | J38: =G38+H38+I38 -> 14291250 | K38: =H38/125000 -> 103
A39: 37 | B39: 4220000601 | C39: 44699 | D39: PPPSRS 2 TOWER D-E THE PARK RESIDENCE | E39: 44562 | F39: 13375000 | H39: =F39 -> 13375000 | I39: =F39*11% -> 1471250 | J39: =G39+H39+I39 -> 14846250 | K39: =H39/125000 -> 107
A40: 38 | B40: 4220000602 | C40: 44699 | D40: PPPSRS 2 TOWER D-E THE PARK RESIDENCE | E40: 44593 | F40: 12750000 | H40: =F40 -> 12750000 | I40: =F40*11% -> 1402500 | J40: =G40+H40+I40 -> 14152500 | K40: =H40/125000 -> 102
A41: 39 | B41: 4220000603 | C41: 44699 | D41: PPPSRS 2 TOWER D-E THE PARK RESIDENCE | E41: 44621 | F41: 12750000 | H41: =F41 -> 12750000 | I41: =F41*11% -> 1402500 | J41: =G41+H41+I41 -> 14152500 | K41: =H41/125000 -> 102
A42: 40 | B42: 4220000643 | C42: 44757 | D42: PPPSRS 2 TOWER D-E THE PARK RESIDENCE | E42: 44652 | F42: 12750000 | H42: =F42 -> 12750000 | I42: =F42*11% -> 1402500 | J42: =G42+H42+I42 -> 14152500 | K42: =H42/125000 -> 102
A43: 41 | B43: 4220000644 | C43: 44757 | D43: PPPSRS 2 TOWER D-E THE PARK RESIDENCE | E43: 44682 | F43: 12750000 | H43: =F43 -> 12750000 | I43: =F43*11% -> 1402500 | J43: =G43+H43+I43 -> 14152500 | K43: =H43/125000 -> 102
A44: 42 | B44: 4220000645 | C44: 44757 | D44: PPPSRS 2 TOWER D-E THE PARK RESIDENCE | E44: 44713 | F44: 12750000 | H44: =F44 -> 12750000 | I44: =F44*11% -> 1402500 | J44: =G44+H44+I44 -> 14152500 | K44: =H44/125000 -> 102
A45: 43 | B45: 4220000728 | C45: 44868 | D45: PPPSRS 2 TOWER D-E THE PARK RESIDENCE | E45: 44743 | F45: 12500000 | H45: =F45 -> 12500000 | I45: =F45*11% -> 1375000 | J45: =G45+H45+I45 -> 13875000 | K45: =H45/125000 -> 100
A46: 44 | B46: 4220000729 | C46: 44868 | D46: PPPSRS 2 TOWER D-E THE PARK RESIDENCE | E46: 44774 | F46: 12375000 | H46: =F46 -> 12375000 | I46: =F46*11% -> 1361250 | J46: =G46+H46+I46 -> 13736250 | K46: =H46/125000 -> 99
A47: 45 | B47: 4220000730 | C47: 44868 | D47: PPPSRS 2 TOWER D-E THE PARK RESIDENCE | E47: 44805 | F47: 12000000 | H47: =F47 -> 12000000 | I47: =F47*11% -> 1320000 | J47: =G47+H47+I47 -> 13320000 | K47: =H47/125000 -> 96
E48: TOTAL | F48: =SUM(F3:F47) -> 671125000 | G48: =SUM(G3:G47) -> 36363636 | H48: =SUM(H3:H47) -> 634761364 | I48: =SUM(I3:I47) -> 68660000 | J48: =SUM(J3:J47) -> 739785000
H50: =H48/120000000 -> 5.289678

Sheet Rekap IPL&Rev Share
B2: REKAP OUTSTANDING THE PARK RESIDENCE
B4: Periode | C4: Total Tagihan IPL IBS to BM | D4: Rev share IPL IBS to MTI (60%) | E4: Rev share IPL IBS (40%) | F4: Rev Share Broadband IBS to BM (5%) | G4: Rev Share Broadband MTI to IBS
B5: Des 18 | C5: 18000000 | D5: =C5*60% -> 10800000 | E5: =C5*40% -> 7200000 | F5: =G5*5% -> 183400 | G5: =3668000 -> 3668000
B6: 43466 | C6: 18250000 | D6: =C6*60% -> 10950000 | E6: =C6*40% -> 7300000 | F6: =G6*5% -> 213325 | G6: =4266500 -> 4266500
B7: 43497 | C7: 13375000 | D7: =C7*60% -> 8025000 | E7: =C7*40% -> 5350000 | F7: =G7*5% -> 194375 | G7: =3887500 -> 3887500
B8: 43525 | C8: 13375000 | D8: =C8*60% -> 8025000 | E8: =C8*40% -> 5350000 | F8: =G8*5% -> 215300 | G8: =4306000 -> 4306000
B9: 43556 | C9: 13250000 | D9: =C9*60% -> 7950000 | E9: =C9*40% -> 5300000 | F9: =G9*5% -> 213325 | G9: =4266500 -> 4266500
B10: 43586 | C10: 13250000 | D10: =C10*60% -> 7950000 | E10: =C10*40% -> 5300000 | F10: =G10*5% -> 211350 | G10: =4227000 -> 4227000
B11: 43617 | C11: 13375000 | D11: =C11*60% -> 8025000 | E11: =C11*40% -> 5350000 | F11: =G11*5% -> 209375 | G11: =4187500 -> 4187500
B12: 43647 | C12: 13500000 | D12: =C12*60% -> 8100000 | E12: =C12*40% -> 5400000 | F12: =G12*5% -> 192400 | G12: =3848000 -> 3848000
B13: 43678 | C13: 13500000 | D13: =C13*60% -> 8100000 | E13: =C13*40% -> 5400000 | F13: =G13*5% -> 211350 | G13: =4227000 -> 4227000
B14: 43709 | C14: 20375000 | D14: =C14*60% -> 12225000 | E14: =C14*40% -> 8150000 | F14: =G14*5% -> 216350 | G14: =4327000 -> 4327000
B15: 43739 | C15: 14625000 | D15: =C15*60% -> 8775000 | E15: =C15*40% -> 5850000 | F15: =G15*5% -> 249250 | G15: =4985000 -> 4985000
B16: 43770 | C16: 14250000 | D16: =C16*60% -> 8550000 | E16: =C16*40% -> 5700000 | F16: =G16*5% -> 277150 | G16: =5543000 -> 5543000
B17: 43800 | C17: 14125000 | D17: =C17*60% -> 8475000 | E17: =C17*40% -> 5650000 | F17: =G17*5% -> 298075 | G17: =5961500 -> 5961500
B18: 43831 | C18: 13750000 | D18: =C18*60% -> 8250000 | E18: =C18*40% -> 5500000 | F18: =G18*5% -> 265175 | G18: =5303500 -> 5303500
B19: 43862 | C19: 13625000 | D19: =C19*60% -> 8175000 | E19: =C19*40% -> 5450000 | F19: =G19*5% -> 236225 | G19: =4724500 -> 4724500
B20: 43891 | C20: 13625000 | D20: =C20*60% -> 8175000 | E20: =C20*40% -> 5450000 | F20: =G20*5% -> 260175 | G20: =5203500 -> 5203500
B21: 43922 | C21: 13875000 | D21: =C21*60% -> 8325000 | E21: =C21*40% -> 5550000 | F21: =G21*5% -> 267150 | G21: =5343000 -> 5343000
B22: Mei-20 | C22: 13750000 | D22: =C22*60% -> 8250000 | E22: =C22*40% -> 5500000 | F22: =G22*5% -> 281100 | G22: =5622000 -> 5622000
B23: 43983 | C23: 13750000 | D23: =C23*60% -> 8250000 | E23: =C23*40% -> 5500000 | F23: =G23*5% -> 274125 | G23: =5482500 -> 5482500
B24: 44013 | C24: 46500000 | D24: =C24*60% -> 27900000 | E24: =C24*40% -> 18600000 | F24: =G24*5% -> 245175 | G24: =4903500 -> 4903500
B25: Augs-20 | C25: 15000000 | D25: =C25*60% -> 9000000 | E25: =C25*40% -> 6000000 | F25: =G25*5% -> 238200 | G25: =4764000 -> 4764000
B26: 44075 | C26: 15000000 | D26: =C26*60% -> 9000000 | E26: =C26*40% -> 6000000 | F26: =G26*5% -> 210300 | G26: =4206000 -> 4206000
B27: Okt-20 | C27: 15000000 | D27: =C27*60% -> 9000000 | E27: =C27*40% -> 6000000 | F27: =G27*5% -> 191125 | G27: =3822500 -> 3822500
B28: 44136 | C28: 15000000 | D28: =C28*60% -> 9000000 | E28: =C28*40% -> 6000000 | F28: =G28*5% -> 190900 | G28: =3818000 -> 3818000
B29: Des-20 | C29: 15125000 | D29: =C29*60% -> 9075000 | E29: =C29*40% -> 6050000 | F29: =G29*5% -> 202947.75 | G29: =4058955 -> 4058955
B30: 44197 | C30: 15125000 | D30: =C30*60% -> 9075000 | E30: =C30*40% -> 6050000 | F30: =G30*5% -> 232111.35 | G30: =4642227 -> 4642227
B31: 44228 | C31: 15250000 | D31: =C31*60% -> 9150000 | E31: =C31*40% -> 6100000 | F31: =G31*5% -> 253340.9 | G31: =5066818 -> 5066818
B32: 44256 | C32: 15250000 | D32: =C32*60% -> 9150000 | E32: =C32*40% -> 6100000 | F32: =G32*5% -> 267065.9 | G32: =5341318 -> 5341318
B33: 44287 | C33: 15250000 | D33: =C33*60% -> 9150000 | E33: =C33*40% -> 6100000 | F33: =G33*5% -> 253115.9 | G33: =5062318 -> 5062318
B34: Mei-21 | C34: 15250000 | D34: =C34*60% -> 9150000 | E34: =C34*40% -> 6100000 | F34: =G34*5% -> 246140.9 | G34: =4922818 -> 4922818
B35: Juni 21 | C35: 15250000 | D35: =C35*60% -> 9150000 | E35: =C35*40% -> 6100000 | F35: =G35*5% -> 225440.9 | G35: =4508818 -> 4508818
B36: Juli 21 | C36: 15250000 | D36: =C36*60% -> 9150000 | E36: =C36*40% -> 6100000 | F36: =G36*5% -> 357515.91 | G36: 7150318.2
B37: Agust 21 | C37: 15250000 | D37: =C37*60% -> 9150000 | E37: =C37*40% -> 6100000 | F37: =G37*5% -> 238940.91 | G37: 4778818.2
B38: 44440 | C38: 15250000 | D38: =C38*60% -> 9150000 | E38: =C38*40% -> 6100000 | F38: =G38*5% -> 217036.36 | G38: 4340727.3
B39: Okt 21 | C39: 15000000 | D39: =C39*60% -> 9000000 | E39: =C39*40% -> 6000000 | F39: =G39*5% -> 224990.91 | G39: 4499818.2
B40: 44501 | C40: 12875000 | D40: =C40*60% -> 7725000 | E40: =C40*40% -> 5150000 | F40: =G40*5% -> 231965.91 | G40: 4639318.2
B41: Des-21 | C41: 12875000 | D41: =C41*60% -> 7725000 | E41: =C41*40% -> 5150000 | F41: =G41*5% -> 238940.91 | G41: 4778818.2
B42: 44562 | C42: 13375000 | D42: =C42*60% -> 8025000 | E42: =C42*40% -> 5350000 | F42: =G42*5% -> 225215.91 | G42: 4504318.2
B43: 44593 | C43: 12750000 | D43: =C43*60% -> 7650000 | E43: =C43*40% -> 5100000 | F43: =G43*5% -> 225440.91 | G43: 4508818.2
B44: 44621 | C44: 12750000 | D44: =C44*60% -> 7650000 | E44: =C44*40% -> 5100000 | F44: =G44*5% -> 225215.91 | G44: 4504318.2
B45: 44652 | C45: 12750000 | D45: =C45*60% -> 7650000 | E45: =C45*40% -> 5100000 | F45: =G45*5% -> 218077.11 | G45: 4361542.2
B46: Mei 22 | C46: 12750000 | D46: =C46*60% -> 7650000 | E46: =C46*40% -> 5100000 | F46: =G46*5% -> 206620.13 | G46: 4132402.5
B47: Juni 22 | C47: 12750000 | D47: =C47*60% -> 7650000 | E47: =C47*40% -> 5100000 | F47: =G47*5% -> 213532.29 | G47: 4270645.8
B48: 44743 | C48: 12750000 | D48: =C48*60% -> 7650000 | E48: =C48*40% -> 5100000 | F48: =G48*5% -> 228795.35 | G48: 4575907
B49: Augst 22 | C49: 12625000 | D49: =C49*60% -> 7575000 | E49: =C49*40% -> 5050000 | F49: =G49*5% -> 235046.25 | G49: 4700925.1
B50: 44805 | C50: 12250000 | D50: =C50*60% -> 7350000 | E50: =C50*40% -> 4900000 | F50: =G50*5% -> 227761.26 | G50: 4555225.2
B51: 44835 | C51: IPL berakhir sampai dengan akhir sept 22 | F51: =G51*5% -> 234653.15 | G51: 4693063.1 | H51: =F51/G51 -> 0.05
B52: 44866 | F52: =G52*5% -> 235938.99 | G52: 4718779.7
B53: 44896 | F53: =G53*5% -> 242831.08 | G53: 4856621.6
B54: 44927 | F54: =G54*5% -> 242608.11 | G54: 4852162.2
B55: 44958 | F55: =G55*5% -> 249520.27 | G55: 4990405.4
B56: 44986 | F56: =G56*5% -> 242608.11 | G56: 4852162.2
B57: 45017 | F57: =G57*5% -> 315495.5 | G57: 6309910
B58: 45047 | F58: =G58*5% -> 245608.1 | G58: 4912162
B59: 45078 | F59: =G59*5% -> 333290.55 | G59: 6665811
B60: 45108 | F60: =G60*5% -> 251015.78 | G60: 5020315.5
B61: 45139 | F61: =G61*5% -> 221425.68 | G61: 4428513.5
B62: 45170 | F62: =G62*5% -> 312054.05 | G62: 6241081
B63: 45200 | F63: =G63*5% -> 242909.91 | G63: 4858198.2
... B68: 45352 | F68: =G68*5% -> 211493.24 | G68: 4229864.9
B70: Total | C70: =SUM(C5:C69) -> 689875000 | D70: =SUM(D5:D69) -> 413925000 | E70: =SUM(E5:E69) -> 275950000 | F70: =SUM(F5:F69) -> 15370257 | G70: =SUM(G5:G69) -> 3.0740513e+08
G71: =G70*5% -> 15370257
F72: =F70/64 -> 240160.26 | G72: =G70/64 -> 4803205.2
F73: =F72*12 -> 2881923.1
